 Dungeon Crawl Stone Soup version 0.25-a0-860-gf695395 (webtiles) character file.

Game seed: 16852669710975433640, levelgen mode: deterministic

42165 Faca the Frost Mage (level 13, -14/115 (116) HPs)
             Began as a Purple Draconian Ice Elementalist on Apr 27, 2020.
             Was an Elder of Vehumet.
             Demolished by Rupert
             ... wielding a +4 great mace of venom
              (36 damage)
             ... on level 5 of the Lair of Beasts.
             The game lasted 00:57:18 (27813 turns).

Faca the Frost Mage (DrIE)                         Turns: 27813, Time: 00:57:18

HP:   -14/115 (116) AC: 11    Str: 14    XL:     13   Next: 84%
MP:   27/28         EV: 17    Int: 23    God:    Vehumet [****..]
Gold: 1023          SH:  0    Dex: 12    Spells: 6/34 levels left

rFire    + . .     SeeInvis .   F - +8 morningstar "Faeshril" {vamp, Str+3}
rCold    . . .     Gourm    .   (no shield)
rNeg     . . .     Faith    .   (armour unavailable)
rPois    .         Spirit   .   (helmet restricted)
rElec    .         Reflect  .   e - +0 cloak
rCorr    .         Harm     .   (no gloves)
MR       +....                  y - +1 pair of boots
Stlth    ++........             u - amulet of magic regeneration
HPRegen  0.29/turn              c - ring of protection from fire
MPRegen  0.46/turn              n - +3 ring of intelligence

@: lethally poisoned (-14 -> -31), frozen ramparts
A: breathe power, unfitting armour, cold-blooded, AC +8
a: Breathe Dispelling Energy, Renounce Religion


You were on level 5 of the Lair of Beasts.
You worshipped Vehumet.
Vehumet was greatly pleased with you.
You were very hungry.

You visited 3 branches of the dungeon, and saw 17 of its levels.
You also visited: Sewer.

You collected 1023 gold pieces.

Inventory:

Hand Weapons
 v - a +1 whip of electrocution
 F - the +8 morningstar "Faeshril" (weapon) {vamp, Str+3}
   (You found it on level 9 of the Dungeon)

   It inflicts no extra harm, but heals its wielder when it wounds a living foe.
   It affects your strength (+3).
Missiles
 d - 71 poisoned darts (quivered)
 z - 3 throwing nets
Armour
 e - a +0 cloak (worn)
 y - a +1 pair of boots (worn)
Jewellery
 c - a ring of protection from fire (left hand)
 m - an uncursed ring of see invisible
 n - a +3 ring of intelligence (right hand)
 u - an amulet of magic regeneration (around neck)
 K - an uncursed ring of protection from magic
Wands
 o - a wand of flame (20)
 s - a wand of paralysis (36)
 A - a wand of clouds (3)
 B - a wand of polymorph (6)
 H - a wand of scattershot (1)
 I - a wand of acid (12)
Scrolls
 f - a scroll of remove curse
 g - 5 scrolls of teleportation
 l - 4 scrolls of fear
 r - 2 scrolls of magic mapping
 w - 2 scrolls of blinking
 C - 3 scrolls of fog
 D - a scroll of vulnerability
 E - 3 scrolls of identify
 G - 2 scrolls of enchant armour
Potions
 a - 2 potions of mutation
 h - 4 potions of brilliance
 i - a potion of haste
 j - 2 potions of lignification
 k - 5 potions of flight
 p - 2 potions of curing
 q - 2 potions of magic
 t - a potion of cancellation
 J - 2 potions of might
Comestibles
 b - 19 rations


   Skills:
 - Level 11.1 Fighting
 + Level 8.6 Maces & Flails
 + Level 9.4 Dodging
 - Level 1.7 Stealth
 - Level 11.4 Spellcasting
 + Level 4.6 Conjurations
 + Level 7.9 Summonings
 - Level 12.0 Ice Magic


You had 6 spell levels left.
You knew the following spells:

 Your Spells              Type           Power        Failure   Level  Hunger
a - Freeze                Ice            ####         1%          1    None
b - Frozen Ramparts       Ice            ######       1%          3    None
c - Summon Ice Beast      Ice/Summ       ######..     1%          4    None
d - Ensorcelled Hibernat  Hex/Ice        #####.       1%          2    None
e - Mephitic Cloud        Conj/Pois/Air  ###.....     2%          3    None
f - Hailstorm             Conj/Ice       ######..     1%          4    None
g - Freezing Cloud        Conj/Ice/Air   #####.....   21%         6    #####..
h - Lee's Rapid Deconstr  Erth           ##........   32%         5    ####...

Your spell library contained the following spells:

 Spells                   Type           Power        Failure   Level  Hunger
 Foxfire                  Conj/Fire      ###.         1%          1    None
 Magic Dart               Conj           ####         1%          1    None
 Shock                    Conj/Air       ###.         1%          1    None
 Call Imp                 Summ           #####...     1%          2    None
 Searing Ray              Conj           ####..       1%          2    None
 Conjure Flame            Conj/Fire      ###.....     1%          3    None
 Dazzling Flash           Conj/Hex       ###...       1%          3    None
 Ozocubu's Armour         Chrm/Ice       #####...     1%          3    None
 Static Discharge         Conj/Air       ###.....     1%          3    None
 Beastly Appendage        Tmut           ##....       4%          1    None
 Corona                   Hex            ##.....      4%          1    None
 Ice Form                 Ice/Tmut       #####...     4%          4    None
 Fulminant Prism          Conj/Hex       ###.......   5%          4    None
 Iskenderun's Mystic Bla  Conj/Tloc      ###.....     5%          4    None
 Blink                    Tloc           N/A          8%          2    None
 Passwall                 Tmut/Erth      ##......     8%          2    None
 Slow                     Hex            ##......     8%          2    None
 Sticks to Snakes         Tmut           ##......     8%          2    None
 Swiftness                Chrm/Air       ##......     8%          2    None
 Airstrike                Air            ##........   13%         4    None
 Lightning Bolt           Conj/Air       ###.......   13%         5    ####...
 Confusing Touch          Hex            ##......     14%         3    None
 Spider Form              Tmut/Pois      ##........   14%         3    None
 Tukima's Dance           Hex            ##......     14%         3    None
 Cause Fear               Hex            ##........   43%         4    None
 Passage of Golubria      Tloc           N/A          43%         4    None
 Blade Hands              Tmut           ##........   80%         5    ####...
 Darkness                 Hex            ##........   100%        6    #####..
 Invisibility             Hex            ##......     100%        6    #####..
 Dragon Form              Tmut           ##........   100%        7    #######
 Dragon's Call            Summ           #####.....   100%        9    #######


Dungeon Overview and Level Annotations

Branches:
Dungeon (11/15)            Temple (1/1) D:4            Lair (5/6) D:11
 Shoals (0/4) Lair:3        Snake (0/4) Lair:4          Orc (0/2) D:11
  Sewer (visited)
  Slime: Lair:5-6

Altars:
Ashenzari
Cheibriados
Elyvilon
Fedhas
Gozag
Kikubaaqudgha
Makhleb
Okawaru
Qazlal
Sif Muna
Uskayaw
Vehumet
Yredelemnul
Zin
The Shining One
Beogh

Shops:
D:11 [

Annotations:
D:8 3 runed translucent doors, dialectric's ghost, novice DsFi
D:9 2 transporters, LobsterGuardian's ghost, novice MfIE
Lair:5 Rupert


Innate Abilities, Weirdness & Mutations

You can breathe bolts of dispelling energy.
Your rich purple scales are hard. (AC +8)
You cannot fit into any form of body armour.
You are cold-blooded and may be slowed by cold attacks.


Message History

Rupert hits you with a +4 great mace of venom!!
You feel sick.
The wall freezes the butterfly.
You kill the butterfly!
The wall freezes Rupert.
The wall freezes Rupert.
Rupert hits you with a +4 great mace of venom!!!
You feel sick.
The wall freezes Rupert.
Rupert hits you with a +4 great mace of venom!!
* * * LOW HITPOINT WARNING * * *
You are more poisoned.
Casting: Frozen Ramparts (safe; 1% risk of failure)
Confirm with . or Enter, or press ? or * to list all spells.
Aiming: Freeze (safe; 1% risk of failure)
Press: ? - help, Shift-Dir - straight line, f - Rupert
Aim: Rupert, wielding a +4 great mace of venom and wearing a +3 leather armour of fire resistance (severely wounded, berserk, fast, unusually strong)
You freeze Rupert.
Rupert is almost dead.
You feel sick.
The wall freezes Rupert!
Rupert hits you with a +4 great mace of venom!!!
You die...

........ ..PP... .. .....P
###.... ....# #.#... ....#.
.... #..... #......
.....#.... .....#. .....P
#... ......# ..
.......###.###.......
##.........P.#..@#........
...............@#...$.....
........................#.
......................###....
.....................##.#....
.....................##......
...........).........#.....
..#......##...P.P#...#....
...P........##..####.#..#


You could see Rupert (berserk).

Vanquished Creatures
  Josephine (D:10)
  2 hydras
  A catoblepas (Lair:2)
  Erica (Lair:1)
  5 two-headed ogres
  4 death yaks (Lair:5)
  Sonja (D:10)
  Nergalle (Lair:1)
  A skeletal warrior (D:10)
  An unseen horror (D:9)
  Pikel (D:5)
  An ugly thing (D:11)
  5 centaur zombies (D:10)
  7 black mambas
  6 spiny frogs
  An elephant (Lair:5)
  7 centaur skeletons
  2 kobold demonologists (D:11)
  A rime drake (Lair:5)
  3 komodo dragons
  2 polar bears
  A tyrant leech (D:10)
  3 trolls
  Grinder (D:5)
  A nameless horror (D:10)
  5 blink frogs (Lair:4)
  A snapping turtle (Lair:3)
  7 hippogriffs
  Sigmund (D:5)
  4 flying skulls (D:10)
  A shadow (D:10)
  A spriggan (D:7)
  2 vampires (D:10)
  2 wyverns
  A water elemental (D:11)
  Eustachio (D:6)
  2 basilisks (Lair:3)
  11 yaks
  6 wraiths
  A hungry ghost (D:8)
  Grum (D:8)
  5 vampire mosquitoes (D:10)
  Edmund (D:4)
  19 water moccasins
  8 porcupines
  8 orc warriors
  A phantom (D:9)
  6 ice beasts
  3 black bears
  A sky beast (D:6)
  3 necrophages
  An eye of draining (D:9)
  15 wolves
  5 ogres
  8 centaurs
  10 crocodiles
  4 big kobolds
  Blork the orc (D:4)
  18 bullfrogs
  9 scorpions
  5 wights
  8 killer bees
  5 electric eels
  4 howler monkeys
  4 bullfrog zombies (D:10)
  3 crimson imps
  A quasit (D:8)
  10 hounds
  5 bullfrog skeletons
  2 jellies
  Crazy Yiuf (D:3)
  14 orc priests
  A gnoll shaman (D:7)
  Terence (D:3)
  2 iguanas
  14 orc wizards
  3 worker ants
  2 killer bee zombies
  A hound zombie (D:10)
  A worker ant zombie (D:10)
  22 adders
  12 gnolls
  5 shadow imps
  An ooze (D:2)
  An adder skeleton (D:9)
  5 worms
  7 leopard geckos
  64 orcs
  2 ball pythons
  8 bats
  13 giant cockroaches
  6 goblins
  5 hobgoblins
  9 jackals
  A quokka (D:4)
  10 frilled lizards
  A jackal skeleton (D:5)
  22 kobolds
  A quokka zombie (D:6)
  2 rats (D:1)
  A butterfly (Lair:5)
  A fungus (D:3)
  2 plants (Lair:4)
521 creatures vanquished.

Vanquished Creatures (collateral kills)
  An orc (D:10)
1 creature vanquished.

Vanquished Creatures (others)
  A crimson imp (D:5)
  A leopard gecko zombie (D:5)
  5 fungi
  4 plants
11 creatures vanquished.

Grand Total: 533 creatures vanquished

Notes
Turn   | Place    | Note
-------+----------+-------------------------------------------
     0 | D:1      | Faca the Draconian Ice Elementalist began the quest for the
                  | Orb.
     0 | D:1      | Reached XP level 1. HP: 14/14 MP: 3/3
   521 | D:1      | Reached XP level 2. HP: 22/22 MP: 3/5
   659 | D:1      | Reached skill level 1 in Fighting
  1602 | D:2      | Reached XP level 3. HP: 19/28 MP: 2/6
  1851 | D:2      | Learned a level 3 spell: Frozen Ramparts
  2124 | D:2      | Reached XP level 4. HP: 36/36 MP: 6/8
  2707 | D:3      | Noticed a black bear
  2718 | D:3      | Killed a black bear
  2718 | D:3      | Reached skill level 5 in Ice Magic
  2718 | D:3      | Reached XP level 5. HP: 25/45 MP: 2/10
  2935 | D:3      | Found a snail-covered altar of Cheibriados.
  2935 | D:3      | Found a shimmering blue altar of Sif Muna.
  2935 | D:3      | Found a glowing silver altar of Zin.
  2937 | D:3      | Found a basalt altar of Yredelemnul.
  3065 | D:3      | Reached XP level 6. HP: 43/51 MP: 7/11
  3399 | D:3      | Found a white marble altar of Elyvilon.
  3491 | D:3      | Noticed Terence
  3499 | D:3      | Killed Terence
  3735 | D:3      | Found a runed translucent door.
  3736 | D:3      | Noticed Crazy Yiuf
  3745 | D:3      | Killed Crazy Yiuf
  4179 | D:4      | Noticed Edmund
  4195 | D:4      | Killed Edmund
  4195 | D:4      | Your scales start taking on a rich purple colour.
  4195 | D:4      | Reached skill level 5 in Spellcasting
  4195 | D:4      | Reached XP level 7. HP: 57/60 MP: 12/15
  4232 | D:4      | Reached skill level 6 in Ice Magic
  4267 | D:4      | Found a hide-covered altar of Uskayaw.
  4268 | D:4      | Noticed a +0 dagger
  4268 | D:4      | Noticed a +0 dagger
  4364 | D:4      | Reached skill level 5 in Fighting
  4376 | D:4      | Noticed Blork the orc
  4386 | D:4      | Killed Blork the orc
  4684 | D:4      | Learned a level 4 spell: Summon Ice Beast
  4687 | D:4      | Found a staircase to the Ecumenical Temple.
  4718 | Temple   | Entered the Ecumenical Temple
  4729 | Temple   | Became a worshipper of Vehumet
  5262 | D:5      | Entered Level 5 of the Dungeon
  5265 | D:5      | Found a shattered altar of Ashenzari.
  5545 | D:5      | Reached XP level 8. HP: 58/69 MP: 15/17
  5834 | D:5      | Noticed Pikel
  5843 | D:5      | Killed Pikel
  5843 | D:5      | Reached skill level 7 in Ice Magic
  5855 | D:5      | Noticed Grinder
  5857 | D:5      | Paralysed by Grinder for 6 turns
  5912 | D:5      | Killed Grinder
  6519 | D:5      | Noticed Sigmund
  6524 | D:5      | Killed Sigmund
  6524 | D:5      | Reached XP level 9. HP: 79/79 MP: 14/20
  6540 | D:5      | Found a burning altar of Makhleb.
  6686 | D:6      | Found a glowing drain.
  6728 | Sewer    | Entered a sewer
  6835 | Sewer    | Reached * piety under Vehumet
  6835 | Sewer    | Offered knowledge of Shock by Vehumet.
  6875 | Sewer    | Reached skill level 8 in Ice Magic
  7559 | D:6      | Reached ** piety under Vehumet
  7563 | D:6      | Offered knowledge of Searing Ray by Vehumet.
  7857 | D:6      | Noticed Eustachio
  7864 | D:6      | Killed Eustachio
  8244 | D:7      | Noticed a troll
  8260 | D:7      | Killed a troll
  8260 | D:7      | Reached skill level 9 in Ice Magic
  8781 | D:7      | Offered knowledge of Static Discharge by Vehumet.
  8865 | D:7      | Reached XP level 10. HP: 86/91 MP: 23/23
  9451 | D:7      | Learned a level 2 spell: Ensorcelled Hibernation
  9661 | D:8      | Reached *** piety under Vehumet
  9836 | D:8      | Found an iron altar of Okawaru.
  9879 | D:8      | Noticed Grum
  9896 | D:8      | Offered knowledge of Olgreb's Toxic Radiance by Vehumet.
  9917 | D:8      | Killed Grum
 10225 | D:8      | Found a runed translucent gate.
 10225 | D:8      | Found a runed translucent gate.
 10225 | D:8      | Found a runed translucent gate.
 10239 | D:8      | Reached skill level 10 in Spellcasting
 10350 | D:8      | Noticed dialectric's ghost (novice DsFi)
 10993 | D:8      | Learned a level 3 spell: Mephitic Cloud
 11033 | D:9      | Found a transporter.
 11191 | D:9      | Found a transporter.
 11192 | D:9      | Noticed LobsterGuardian's ghost (novice MfIE)
 11240 | D:9      | Found an ancient bone altar of Kikubaaqudgha.
 11387 | D:9      | Reached skill level 10 in Ice Magic
 11429 | D:9      | Noticed a two-headed ogre
 11438 | D:9      | Killed a two-headed ogre
 11438 | D:9      | Reached skill level 10 in Fighting
 11698 | D:9      | Reached **** piety under Vehumet
 11715 | D:9      | Noticed a two-headed ogre
 11717 | D:9      | Killed an unseen horror
 11717 | D:9      | Reached XP level 11. HP: 71/100 MP: 25/25
 11730 | D:9      | Killed a two-headed ogre
 12184 | D:9      | Offered knowledge of Ignite Poison by Vehumet.
 12565 | D:9      | Reached skill level 5 in Dodging
 12567 | D:9      | Got a dazzling morningstar
 12569 | D:9      | Identified the +8 morningstar "Faeshril" {vamp, Str+3} (You
                  | found it on level 9 of the Dungeon)
 13108 | D:10     | Entered Level 10 of the Dungeon
 13126 | D:10     | Noticed a two-headed ogre
 13137 | D:10     | Killed a two-headed ogre
 13137 | D:10     | Reached skill level 1 in Maces & Flails
 14889 | D:10     | Reached skill level 11 in Ice Magic
 15185 | D:10     | Found the +12 Vampire's Tooth {vamp}
 15223 | D:10     | Reached skill level 1 in Summonings
 15239 | D:10     | Noticed Sonja
 15244 | D:10     | Killed Sonja
 16301 | D:10     | Noticed Josephine
 16315 | D:10     | Killed Josephine
 16315 | D:10     | Reached XP level 12. HP: 41/109 MP: 27/27
 16642 | D:10     | Noticed a two-headed ogre
 16646 | D:10     | Killed a two-headed ogre
 17229 | D:10     | Reached ***** piety under Vehumet
 17238 | D:10     | Offered knowledge of Conjure Ball Lightning by Vehumet.
 17248 | D:10     | Learned a level 4 spell: Hailstorm
 17900 | D:11     | Found Zacunemn's Armour Boutique.
 17963 | D:11     | Reached skill level 5 in Maces & Flails
 18017 | D:11     | Found a staircase to the Orcish Mines.
 18228 | D:11     | Found a roughly hewn altar of Beogh.
 18713 | D:11     | Found a staircase to the Lair.
 19998 | D:11     | Noticed a two-headed ogre
 20007 | D:11     | Killed a two-headed ogre
 20427 | Lair:1   | Entered Level 1 of the Lair of Beasts
 20429 | Lair:1   | Noticed Erica
 20439 | Lair:1   | Killed Erica
 20555 | Lair:1   | Noticed Nergalle
 20565 | Lair:1   | Killed Nergalle
 20627 | Lair:1   | Reached skill level 12 in Ice Magic
 20659 | Lair:1   | Reached skill level 5 in Summonings
 21826 | Lair:2   | Noticed a catoblepas
 21847 | Lair:2   | Killed a catoblepas
 21848 | Lair:2   | Reached XP level 13. HP: 34/115 MP: 25/28
 23397 | Lair:3   | Found a staircase to the Shoals.
 23819 | Lair:3   | Reached skill level 1 in Conjurations
 24904 | Lair:4   | Found a staircase to the Snake Pit.
 24909 | Lair:4   | Offered knowledge of Freezing Cloud by Vehumet.
 24932 | Lair:4   | Learned a level 6 spell: Freezing Cloud
 25159 | Lair:4   | Learned a level 5 spell: Lee's Rapid Deconstruction
 27216 | Lair:5   | Found an opulent altar of Gozag.
 27802 | Lair:5   | Noticed Rupert
 27813 | Lair:5   | Demolished by Rupert

Levels and vault maps discovered:
D:1:      shiori_arrival_maze, layout_loops_ring, st_stairs_6,
          hangedman_abyss_or_decor_stabs, kennysheep_small_spiral,
          minmay_door_square, minmay_misc_feat_hallway
D:2:      layout_basic
D:3:      layout_basic, chequers_temple_overflow_statue_of_worship,
          elyvilon_altar_4, first_ration, uniq_terence, uniq_crazy_yiuf_cottage
D:4:      layout_basic, dancing_weapons_uskayaw, minmay_temple_entry_arrows,
          uniq_blork_the_orc, uniq_edmund
D:5:      layout_cave_pools, cheibrodos_ashenzari_chains, bloody_makhleb,
          uniq_grinder, uniq_pikel, uniq_sigmund
D:6:      layout_loops_corners, cheibrodos_sewer_entry_bend, uniq_eustachio
D:7:      layout_cave_pods, the_bakery
D:8:      layout_cave_pools, okawaru_metal_pillars_1_2,
          gammafunk_ghost_necromancy, uniq_grum
D:9:      minmay_the_grid_four_pointed_star
          [minmay_the_grid_triangle_9x9_descending_squares,
          minmay_the_grid_triangle_9x9_skeleton,
          minmay_the_grid_triangle_9x9_checkered,
          minmay_the_grid_triangle_9x9_pentomino_pain,
          minmay_the_grid_prize_trominoes], layout_irregular_city,
          kiku_gazebo_garden_becter, gammafunk_ghost_mausoleum
D:10:     hangedman_screamer, layout_basic,
          minmay_guarded_unrand_vampires_tooth, uniq_sonja
D:11:     layout_cave_pods, lair_entry_dummy, minmay_orc_entry_temple_small,
          serial_shops, shop, serial_bayou_lake_a
Temple:   nicolae_temple_god_jail
Lair:1:   layout_loops_ring, infiniplex_staircase_pool_2, uniq_erica,
          uniq_nergalle
Lair:2:   layout_concentric_octagons
Lair:3:   layout_roguey, minmay_shoals_entry_hut, pond, grunt_megastairs_2
Lair:4:   layout_gridlike, minmay_snake_entry_six_corridors
Lair:5:   layout_regular_city, basic_altar, beast_lair_carwin_8,
          minmay_lair_oklob_chamber, serial_bayou_shore_a, lemuel_fruit_fields,
          uniq_rupert

Skill      XL: |  1  2  3  4  5  6  7  8  9 10 11 12 13 |
---------------+----------------------------------------+-----
Fighting       | 1 2 3 4 5 7 9 10 11 | 11.1
Spellcasting   | 3 5 6 7 9 10 11 | 11.4
Ice Magic      | 5 6 7 9 10 11 12 | 12.0
Dodging        | 4 6 8 9 |  9.4
Maces & Flails | 4 6 8 |  8.6
Summonings     | 2 5 7 |  7.9
Conjurations   | 4 |  4.6
Stealth        | |  1.7

Action                   |  1- 3 |  4- 6 |  7- 9 | 10-12 | 13-15 || total
-------------------------+-------+-------+-------+-------+-------++-------
Melee: Unarmed           |    28 |       |       |       |       ||    28
       Tailslap          |     9 |    15 |    42 |    97 |    40 ||   203
       Dagger            |    76 |    98 |   288 |   251 |       ||   713
       Whip              |       |    68 |    55 |    36 |       ||   159
       Morningstar       |       |       |       |   488 |   297 ||   785
 Cast: Freeze            |    27 |    26 |     8 |     2 |     2 ||    65
       Frozen Ramparts   |       |     5 |    18 |    41 |    21 ||    85
       Summon Ice Beast  |       |       |     1 |     8 |     2 ||    11
       Mephitic Cloud    |       |       |       |     1 |     1 ||     2
       Hailstorm         |       |       |       |       |     2 ||     2
       Freezing Cloud    |       |       |       |       |     1 ||     1
       Ensorcelled Hiber |       |       |       |       |     1 ||     1
 Abil: Breathe Dispellin |       |       |     3 |     6 |       ||     9
Evoke: Wand              |       |       |       |    14 |     1 ||    15
  Use: Scroll            |     6 |     6 |     6 |     8 |     3 ||    29
       Potion            |       |       |     1 |     1 |       ||     2
 Stab: Distracted        |     1 |       |     1 |       |       ||     2
       Sleeping          |     1 |     2 |     4 |     3 |     2 ||    12
       Paralysed         |       |       |       |     2 |       ||     2
  Eat: Chunk             |     4 |     7 |    13 |    21 |    12 ||    57
       Ration            |       |       |     1 |     7 |     2 ||    10
Armor: Skin              |    33 |    49 |   104 |   325 |    89 ||   600
Dodge: Dodged            |    91 |   108 |   215 |   810 |   312 ||  1536

Table legend:
 A = Non-vault XP
 B = Vault XP
 C = Vault XP percentage of total XP
 D = Non-vault monster count
 E = Vault monster count
 F = Vault count percentage of total count
                 A         B        C        D         E       F
            +---------+---------+-------+---------+---------+-------
      Total |   34130 |   26107 |  43.3 |     378 |     139 |  26.9
            +---------+---------+-------+---------+---------+-------
        D:1 |      18 |       5 |  21.7 |      12 |       3 |  20.0
        D:2 |      97 |       0 |   0.0 |      22 |       0 |   0.0
        D:3 |     332 |      77 |  18.8 |      33 |       2 |   5.7
        D:4 |     397 |     265 |  40.0 |      20 |       2 |   9.1
        D:5 |     590 |    1116 |  65.4 |      13 |       3 |  18.8
        D:6 |     901 |     218 |  19.5 |      37 |       3 |   7.5
        D:7 |    1331 |     220 |  14.2 |      29 |       1 |   3.3
        D:8 |    1861 |     639 |  25.6 |      31 |       5 |  13.9
        D:9 |    1723 |    4109 |  70.5 |      29 |      18 |  38.3
       D:10 |    3452 |    8813 |  71.9 |      30 |      39 |  56.5
       D:11 |    4177 |     181 |   4.2 |      36 |      10 |  21.7
     Lair:1 |    1079 |    1696 |  61.1 |       8 |       2 |  20.0
     Lair:2 |    5859 |     397 |   6.3 |      23 |       1 |   4.2
     Lair:3 |    3281 |    1144 |  25.9 |      17 |       8 |  32.0
     Lair:4 |    5628 |    2167 |  27.8 |      23 |      15 |  39.5
     Lair:5 |    3404 |    4811 |  58.6 |      15 |       8 |  34.8
      Sewer |       0 |     249 | 100.0 |       0 |      19 | 100.0
            +---------+---------+-------+---------+---------+-------
